 Dungeon Crawl Stone Soup version 0.16.1-12-gf5c4a84 (webtiles) character file.

14298 Magnus the Fighter (level 11, -3/95 HPs)
             Began as a Mummy Gladiator on Apr 8, 2015.
             Was a Follower of Ashenzari.
             Slain by a tentacled starspawn (18 damage)
             ... on level 1 of the Abyss on Apr 9, 2015.
             The game lasted 02:19:21 (22658 turns).

Magnus the Fighter (Mummy Gladiator)               Turns: 22658, Time: 02:19:21

Health: -3/95      AC: 22    Str: 20    XL:     11   Next: 86%
Magic:  11/11      EV: 11    Int:  8    God:    Ashenzari [*.....]
Gold:   367        SH:  0    Dex: 12    Spells: 1 memorised, 8 levels left

rFire  . . .     SeeInvis .     a - +2 long sword (curse)
rCold  + . .     Clarity  .     n - +3 chain mail {rF+} (curse)
rNeg   + + +     SustAb   .     (no shield)
rPois  ∞         Gourm    .     c - +0 helmet
rElec  .         Spirit   .     l - +0 cloak
rCorr  +         Warding  .     g - +2 pair of gloves (curse)
rMut   .         Stasis   .     k - +2 pair of boots (curse)
MR     +....                    w - amulet of resist corrosion
Stlth  ..........               j - +3 ring of slaying
                                e - ring of flight

@: somewhat resistant to hostile enchantments, extremely unstealthy
A: no food or potions, fire vulnerability, restore body, cold resistance 1,
negative energy resistance 3, poison resistance, torment resistance, unbreathing
a: Renounce Religion, Evoke Flight


You were on level 1 of the Abyss.
You worshipped Ashenzari.
Ashenzari was aware of your devotion.
You were not hungry.

You visited 2 branches of the dungeon, and saw 13 of its levels.
You visited the Abyss 1 time.
You also visited: Ossuary.

You collected 745 gold pieces.
You spent 378 gold pieces at shops.

Inventory:

Hand weapons
 a - a cursed +2 long sword (weapon)
 o - a +5 short sword
Armour
 c - a +0 helmet (worn)
 g - a cursed +2 pair of gloves (worn)
 k - a cursed +2 pair of boots (worn)
 l - a +0 cloak (worn)
 n - a cursed +3 chain mail of fire resistance (worn)
 q - a +1 plate armour of cold resistance
Jewellery
 e - a ring of flight (left hand)
 j - a +3 ring of slaying (right hand)
 w - an amulet of resist corrosion (around neck)
Magical devices
 b - a wand of random effects (11)
 d - a wand of paralysis (0)
 t - a wand of cold (3)
 x - a wand of polymorph (5)
Scrolls
 f - 3 scrolls of recharging
 h - 10 scrolls of identify
 i - 5 scrolls of curse jewellery
 m - 2 scrolls of enchant weapon
 p - 3 scrolls of amnesia
 s - 4 scrolls of curse weapon
 u - a scroll of enchant armour
Books
 r - a book of Control

   Spells                             Type                      Level
   a - Control Teleport               Charms/Translocation         4
   b - Control Undead                 Necromancy                   4
   c - Enslavement                    Hexes                        4
   d - Metabolic Englaciation         Hexes/Ice                    5
   e - Mass Confusion                 Hexes                        6
 v - a book of Air

   Spells                             Type                      Level
   a - Shock                          Conjuration/Air              1
   b - Swiftness                      Charms/Air                   2
   c - Repel Missiles                 Charms/Air                   2
   d - Flight                         Charms/Air                   3
   e - Static Discharge               Conjuration/Air              3
   f - Lightning Bolt                 Conjuration/Air              5


   Skills:
 + Level 11.9 Fighting
 * Level 8.7 Long Blades
 - Level 1.5 Throwing
 + Level 6.8 Armour
 + Level 7.5 Dodging


You had 8 spell levels left.
You knew the following spells:

 Your Spells              Type           Power        Failure   Level  Hunger
a - Swiftness             Chrm/Air       #.......     100%        2    N/A

Dungeon Overview and Level Annotations

Branches:
Dungeon (12/15)            Temple (1/1) D:7            Lair (0/8) D:11
    Orc (0/4) D:11

Altars:
Ashenzari
Cheibriados
Dithmenos
Elyvilon
Fedhas
Gozag
Kikubaaqudgha
Makhleb
Nemelex Xobeh
Okawaru
Qazlal
Ru
Sif Muna
Trog
Vehumet
Xom
Yredelemnul
Zin
The Shining One

Shops:
D:6 [   D:9 (   D:10 ?

Annotations:
D:4 jazmu's ghost, experienced OpFE
D:10 Psyche
D:12 Sonja


Innate Abilities, Weirdness & Mutations

You do not eat or drink.
Your flesh is vulnerable to fire.
Your flesh is cold resistant.
You are immune to negative energy.
Your system is resistant to poisons.
You are immune to unholy pain and torment.
You can survive without breathing.


Message History

You completely miss the tentacled starspawn.
Read which item? (? for menu, Esc to quit)
Okay, then.
Evoke which item? (* to show all) (? for menu, Esc to quit)
Zapping:
b - a wand of random effects (12)
Press: ? - help, Shift-Dir - straight line, f - tentacled starspawn
Aim: a tentacled starspawn The tentacled starspawn resists with almost no effort.
This wand has 11 charges left.
Tentacles burst from the starspawn's body!
You hit the tentacled starspawn.
The tentacled starspawn is lightly damaged.
The tentacled starspawn bites you!
* * * LOW HITPOINT WARNING * * *
The tentacled starspawn barely misses you.
You slash the tentacled starspawn!
The tentacled starspawn is lightly damaged.
The starspawn tentacle barely misses you.
The tentacled starspawn bites you!!
You die...

. . . .
.. # .
... #.
. .
....##
.
....#.
.#####
.. . .
##w@#
.# . #
#
#.##X##
....##
..#w .
. .#.
.#.# .
####..#
# #. .
# ..#
#. . .#
. # .
.## ..
# # .
.#.. ##


You could see a tentacled starspawn and 2 starspawn tentacles.

Vanquished Creatures
  An unseen horror (D:11)
  Erolcha (D:9)
  A cyclops (D:12)
  2 ugly things
  2 two-headed ogres
  A large abomination (Abyss:1)
  A troll (D:11)
  2 basilisks (D:11)
  2 wyverns
  A slime creature (D:12)
  17 yaks
  The ghost of KarvaRausku the Skirmisher, an average MiFi (D:5)
  3 hippogriffs
  Eustachio (D:5)
  A wraith (D:11)
  3 hungry ghosts
  A spriggan (D:7)
  Edmund (D:3)
  A porcupine (D:11)
  A water moccasin (D:9)
  6 orc warriors
  5 sky beasts
  A phantom (D:4)
  12 centaurs
  4 crocodiles (D:11)
  An ice beast (D:10)
  A necrophage (D:11)
  2 ogres
  Sigmund (D:3)
  Duvessa (D:9)
  2 big kobolds
  4 giant frogs
  A water moccasin skeleton (D:9)
  6 scorpions
  7 wights (D:11)
  An electric eel (D:7)
  5 crimson imps
  A quasit (D:11)
  A wasp zombie (D:7)
  Dowan (D:9)
  A giant frog zombie (D:9)
  7 hounds
  2 jellies
  Crazy Yiuf (D:2)
  5 orc priests
  5 iguanas
  2 centaur skeletons (D:4)
  2 giant frog skeletons
  9 worker ants
  4 gnoll shamans
  11 orc wizards
  A hound zombie (D:5)
  12 mummies
  Terence (D:2)
  3 worker ant zombies
  3 river rats (D:11)
  6 adders
  24 gnolls
  3 shadow imps
  5 giant mites
  4 worms
  2 adder zombies
  2 adder skeletons
  4 giant geckos
  52 orcs
  A ball python (D:5)
  3 giant cockroaches
  34 hobgoblins
  8 jackals
  11 quokkas
  19 bats
  6 giant newts
  2 gnoll skeletons (Ossuary)
  7 goblins
  2 goblin skeletons (Ossuary)
  3 jackal skeletons
  27 kobolds
  3 kobold skeletons (Ossuary)
  An orc skeleton (Ossuary)
  2 orc zombies (D:5)
  A quokka zombie (D:5)
  15 rats
  11 rat skeletons (Ossuary)
434 creatures vanquished.

Vanquished Creatures (others)
  A human (D:2)
  A giant spore (D:11)
  2 ballistomycetes (D:11)
  2 bushes (D:11)
  2 fungi (D:11)
  6 plants (D:11)
14 creatures vanquished.

Grand Total: 448 creatures vanquished

Notes
Turn   | Place    | Note
--------------------------------------------------------------
     0 | D:1      | Magnus, the Mummy Gladiator, began the quest for the Orb.
     0 | D:1      | Reached XP level 1. HP: 16/16 MP: 1/1
   550 | D:1      | Reached XP level 2. HP: 21/23 MP: 2/2
   808 | D:1      | Reached skill level 3 in Long Blades
  1009 | D:2      | Reached XP level 3. HP: 28/28 MP: 3/3
  1178 | D:2      | Noticed Terence
  1224 | D:2      | Killed Terence
  1388 | D:2      | Found an opulent altar of Gozag.
  1480 | D:2      | Reached XP level 4. HP: 22/35 MP: 4/4
  1621 | D:2      | Found an ancient bone altar of Kikubaaqudgha.
  1621 | D:2      | Noticed a human
  1625 | D:2      | Killed a human
  1804 | D:2      | Noticed Crazy Yiuf
  1825 | D:2      | Killed Crazy Yiuf
  2095 | D:3      | Reached XP level 5. HP: 42/42 MP: 5/5
  2162 | D:3      | Noticed Sigmund
  2176 | D:3      | Killed Sigmund
  2176 | D:3      | Reached skill level 4 in Fighting
  2574 | D:3      | Reached XP level 6. HP: 29/49 MP: 6/6
  2780 | D:4      | Noticed Edmund
  2783 | D:4      | Noticed jazmu's ghost (experienced OpFE)
  2899 | D:4      | Reached skill level 5 in Fighting
  3199 | D:3      | Killed Edmund
  3199 | D:3      | Reached skill level 5 in Long Blades
  3199 | D:3      | Reached XP level 7. HP: 13/56 MP: 7/7
  3544 | D:4      | Found a shimmering altar of Xom.
  3580 | D:4      | Paralysed by a crimson imp for 5 turns
  3602 | D:4      | Paralysed by a crimson imp for 3 turns
  3760 | D:4      | Reached skill level 6 in Fighting
  4862 | D:4      | Found a glowing silver altar of Zin.
  4869 | D:5      | Entered Level 5 of the Dungeon
  4950 | D:5      | Reached XP level 8. HP: 31/65 MP: 8/8
  5137 | D:5      | Reached skill level 7 in Fighting
  5233 | D:5      | Found a radiant altar of Vehumet.
  5464 | D:5      | Found a sand-covered staircase.
  5479 | Ossuary  | Entered an ossuary
  6873 | D:5      | Noticed KarvaRausku's ghost (average MiFi)
  7471 | D:5      | Killed KarvaRausku's ghost
  7471 | D:5      | Reached skill level 8 in Fighting
  7843 | D:5      | Noticed Eustachio
  7882 | D:5      | Killed Eustachio
  8019 | D:5      | Found a bloodstained altar of Trog.
  8019 | D:5      | Found a blossoming altar of Fedhas.
  8479 | D:6      | Reached skill level 9 in Fighting
  8528 | D:6      | Reached skill level 1 in Armour
  8584 | D:6      | Reached XP level 9. HP: 76/76 MP: 9/9
  9032 | D:6      | Found Sonanwas' Antique Armour Emporium.
  9055 | D:6      | Bought a pair of runed gloves for 144 gold pieces
  9776 | D:6      | Found a sparkling altar of Nemelex Xobeh.
 11107 | D:7      | Noticed a kobold demonologist
 11302 | D:7      | Found a staircase to the Ecumenical Temple.
 11309 | Temple   | Entered the Ecumenical Temple
 11583 | Temple   | Became a worshipper of Ashenzari the Shackled
 11898 | D:7      | Noticed a kobold demonologist
 12480 | D:8      | Reached skill level 10 in Fighting
 12961 | D:8      | Reached skill level 5 in Dodging
 12961 | D:8      | Reached XP level 10. HP: 80/85 MP: 10/10
 13619 | D:9      | Noticed Erolcha
 14486 | D:9      | Found an iron altar of Okawaru.
 14522 | D:9      | Paralysed by Erolcha for 3 turns
 14548 | D:9      | Killed Erolcha
 14548 | D:9      | Reached skill level 5 in Armour
 14913 | D:9      | Noticed Dowan
 14914 | D:9      | Noticed Duvessa
 15047 | D:9      | Found Ubrav's Weapon Boutique.
 15241 | D:10     | Entered Level 10 of the Dungeon
 15243 | D:10     | Found Qejoj's Magic Scroll Shop.
 15271 | D:10     | Bought a scroll of remove curse for 36 gold pieces
 15271 | D:10     | Bought a scroll of blinking for 90 gold pieces
 15283 | D:10     | Bought a scroll of teleportation for 36 gold pieces
 15283 | D:10     | Bought a scroll of teleportation for 36 gold pieces
 15283 | D:10     | Bought a scroll of teleportation for 36 gold pieces
 15660 | D:10     | Noticed Psyche
 16628 | D:10     | Reached skill level 11 in Fighting
 17907 | D:11     | Reached XP level 11. HP: 93/93 MP: 11/11
 17932 | D:11     | Found a frozen archway.
 18070 | D:11     | Killed an unseen horror
 18879 | D:11     | Found a staircase to the Orcish Mines.
 19577 | D:11     | Noticed a red ugly thing
 19603 | D:11     | HP: 2/93 [red ugly thing (14)]
 19974 | D:9      | Killed Dowan
 19993 | D:9      | Killed Duvessa
 20414 | D:11     | Found a staircase to the Lair.
 20827 | D:11     | Killed a red ugly thing
 21335 | D:11     | Learned a level 2 spell: Swiftness
 21684 | D:12     | Noticed Sonja
 22472 | D:12     | Cast into the Abyss (Sonja)
 22590 | Abyss:1  | Noticed a wretched star
 22652 | Abyss:1  | Noticed a tentacled starspawn
 22658 | Abyss:1  | Slain by a tentacled starspawn

Action                   |  1- 3 |  4- 6 |  7- 9 | 10-12 || total
-------------------------+-------+-------+-------+-------++-------
Melee: Long sword        |   182 |     9 |       |   355 ||   546
       Short sword       |       |   187 |  1091 |   828 ||  2106
Throw: Throwing net      |     2 |     4 |       |     1 ||     7
Evoke: Wand              |       |       |       |    12 ||    12
  Use: Scroll            |       |       |    20 |    18 ||    38
 Stab: Held in net/web   |     3 |     4 |       |     1 ||     8
